 Dungeon Crawl Stone Soup version 0.31.0-32-g396128a36d (webtiles) character file.

Game seed: 15930795354314907096

781 AdnanSaban the Cudgeller (level 7, -1/44 HPs)
             Began as a Gargoyle Fighter on Apr 13, 2024.
             Slain by Prince Ribbit (3 damage)
             ... on level 5 of the Dungeon.
             The game lasted 00:07:28 (4745 turns).

AdnanSaban the Cudgeller (Gargoyle Fighter)         Turns: 4745, Time: 00:07:29

Health: -1/44      AC: 15    Str: 21    XL:     7   Next: 85%
Magic:  0/7        EV:  8    Int:  9    God:
Gold:   221        SH:  4    Dex:  9    Spells: 6/6 levels left

rFire   . . .        a - +0 flail
rCold   . . .        c - +0 buckler
rNeg    + . .        o - +0 chain mail
rPois   ∞            (no helmet)
rElec   +            (no cloak)
rCorr   +            k - +0 pair of gloves
SInv    .            (no boots)
Will    .....        u - amulet of guardian spirit Stlth
                     E - ring of resist corrosion
HPRegen 0.27/turn    (no ring)
MPRegen 0.10/turn

%: guardian spirit
@: no status effects
A: sickness immunity, AC +4, negative energy resistance 1, electricity
resistance, torment resistance 1, petrification resistance
a: no special abilities


You were on level 5 of the Dungeon.
You visited 2 branches of the dungeon, and saw 7 of its levels.

You collected 221 gold pieces.

Inventory:

Hand Weapons
 a - a +0 flail (weapon)
Missiles
 F - 4 atropa-tipped darts (quivered)
Armour
 c - a +0 buckler (worn)
 k - a +0 pair of gloves (worn)
 o - a +0 chain mail (worn)
 q - a +0 tower shield
Jewellery
 u - an amulet of guardian spirit (around neck)
 y - a ring of fire
 E - a ring of resist corrosion (left hand)
Wands
 z - a wand of flame (14)
 C - a wand of charming (4)
Scrolls
 b - 4 scrolls of identify {unknown}
 e - 2 scrolls of torment {unknown}
 f - 5 scrolls of teleportation {unknown}
 i - 3 scrolls of fear {unknown}
 m - a scroll of enchant weapon {unknown}
 n - 2 scrolls of summoning {unknown}
 v - a scroll of amnesia {unknown}
 x - 2 scrolls of brand weapon {unknown}
 A - a scroll of blinking {unknown}
 B - a scroll of noise {unknown}
 G - a scroll of fog {unknown}
Potions
 d - 3 potions of might
 g - 2 potions of mutation {unknown}
 h - 5 potions of brilliance {unknown}
 j - a potion of degeneration {unknown}
 l - 2 potions of attraction {unknown}
 p - a potion of invisibility {unknown}
 r - a potion of berserk rage {unknown}
 s - a potion of magic {unknown}
 t - a potion of resistance {unknown}
 w - a potion of enlightenment {unknown}
 D - a potion of haste {unknown}


   Skills:
 + Level 5.0 Fighting
 + Level 6.1 Maces & Flails
 + Level 5.2 Armour
 + Level 1.3 Dodging
 + Level 0.4 Stealth
 + Level 4.2 Shields


You had 6 spell levels left.
You didn't know any spells.
Your spell library contained the following spells:

 Spells                   Type           Power      Damage    Failure   Level
 Sandblast                Erth           0%         2d4       97%         1
 Mercury Vapours          Alch/Air       0%         N/A       99%         2
 Mephitic Cloud           Conj/Alch/Air  0%         N/A       100%        3
 Passwall                 Erth           0%         N/A       100%        3
 Stone Arrow              Conj/Erth      0%         3d7       100%        3
 Brom's Barrelling Bould  Conj/Erth      0%         2d3       100%        4
 Leda's Liquefaction      Alch/Erth      0%         N/A       100%        4
 Summon Blazeheart Golem  Fire/Summ      0%         N/A       100%        4
 Freezing Cloud           Conj/Ice/Air   0%         6-21      100%        5
 Lee's Rapid Deconstruct  Erth           0%         3d4*      100%        5
 Bombard                  Conj/Erth      0%         9d1       100%        6
 Orb of Destruction       Conj           0%         9d5       100%        7
 Spellforged Servitor     Conj/Summ      0%         N/A       100%        7


Dungeon Overview and Level Annotations

Branches:
Dungeon (6/15)             Temple (1/1) D:5

Altars:
Ashenzari
Cheibriados
Fedhas
Hepliaklqana
Makhleb
Nemelex Xobeh
Sif Muna
Trog
Uskayaw
Wu Jian
Yredelemnul
Zin
The Shining One

Shops:
D:3 ?*[[[   D:4 [

Annotations:
D:5 Prince Ribbit


Innate Abilities, Weirdness & Mutations

You are immune to sickness and miasma.
Your stone body is resilient. (AC +4)
You are immune to poison.
You resist negative energy. (rN+)
You are resistant to electric shocks. (rElec)
You are resistant to unholy torment.
You are immune to petrification.


Message History

The ufetubus is lightly wounded.
The ufetubus hits you but does no damage. x2
The sky beast hits you but does no damage.
You closely miss the ufetubus.
The ufetubus is lightly wounded.
The ufetubus barely misses you.
The ufetubus hits you but does no damage. x2
The ufetubus hits you.
* * * LOW HITPOINT WARNING * * *
The sky beast flickers out of sight!
Deactivating autopickup; reactivate with Ctrl-A.
Something hits you but does no damage. You block the ufetubus's attack.
The ufetubus hits you but does no damage.
The ufetubus barely misses you. The ufetubus hits you.
* * * LOW HITPOINT WARNING * * *
The ufetubus attacks as it pursues you! You block the ufetubus's attack. x2
The ufetubus hits you but does no damage. x2
There is a stone staircase leading up here.
The ufetubus closely misses you.
The ufetubus hits you but does no damage.
You block the ufetubus's attack. The ufetubus hits you.
* * * LOW HITPOINT WARNING * * *
You climb upwards.
Level annotation: Prince Ribbit Reactivating autopickup.
Prince Ribbit closely misses you. You block Prince Ribbit's attack.
There is a stone staircase leading down here.
You hit Prince Ribbit but do no damage. Prince Ribbit hits you!
* * * LOW HITPOINT WARNING * * *
The ufetubus hits you but does no damage. x2
Prince Ribbit hits you.
* * * LOW HITPOINT WARNING * * *
Unknown command.
You sock Prince Ribbit!
Prince Ribbit is moderately wounded.
The ufetubus hits you.
* * * LOW HITPOINT WARNING * * *
The ufetubus barely misses you. Prince Ribbit hits you.
You die...

.##...##........ #.##.#
..##.##..##.##.....#.# #.#..#
#..#.#.)##..##....... #.#.##
##.....# ...##......####.#.###
.#.....#. #.#.......##.......#
..........#.........##.......#
#..##..##...........##.......#
##..............5...##.......#
................@##.##.......#
.###########..#.F##.#........#
## #..............####
#.#......##....# ..
##..........##
...........###### . #..#.#....
######## #.#...#.$.. <.......
...#...#....§


You could see Prince Ribbit and an ufetubus.

Vanquished Creatures
  An ice beast (D:5)
  A centaur (D:6)
  2 scorpions
  A bombardier beetle (D:5)
  A gnoll bouda (Temple)
  2 hounds
  2 iguanas
  Jessica (D:3)
  2 sleepcaps
  Ijyb (Temple)
  An orc wizard (D:2)
  4 adders
  3 gnolls
  An ufetubus (D:6)
  5 dart slugs
  10 orcs
  8 ball pythons
  3 bats
  6 endoplasms
  3 giant cockroaches
  12 hobgoblins
  6 kobolds
  3 quokkas
  A frilled lizard (D:1)
  10 goblins
  7 rats
97 creatures vanquished.

Vanquished Creatures (others)
  A shadow imp (D:6)
1 creature vanquished.

Grand Total: 98 creatures vanquished

Notes
Turn   | Place    | Note
-------+----------+-------------------------------------------
     0 | D:1      | AdnanSaban the Gargoyle Fighter began the quest for the
                  | Orb.
     0 | D:1      | Reached XP level 1. HP: 14/14 MP: 1/1
   106 | D:1      | Reached XP level 2. HP: 9/19 MP: 2/2
   902 | D:1      | Reached XP level 3. HP: 23/23 MP: 3/3
  1658 | D:2      | Found a sparkling altar of Nemelex Xobeh.
  2071 | D:3      | Found a burning altar of Makhleb.
  2085 | D:3      | Reached XP level 4. HP: 29/29 MP: 4/4
  2089 | D:3      | Noticed an Executioner
  2108 | D:3      | Reached skill level 3 in Maces & Flails
  2129 | D:3      | Found Xinubaki's Assorted Antiques.
  2188 | D:3      | Found Xeubiare's Magic Scroll Shoppe.
  2328 | D:3      | Found Voedees's Armour Boutique.
  2398 | D:3      | Reached XP level 5. HP: 30/33 MP: 5/5
  2410 | D:3      | Found Otoes's Armour Emporium.
  2426 | D:3      | Found Misuun's Antique Armour Boutique.
  2457 | D:3      | Noticed Jessica
  2466 | D:3      | Killed Jessica
  2510 | D:3      | Found a faded altar of an unknown god.
  2640 | D:3      | Found a basalt altar of Yredelemnul.
  2668 | D:3      | Found a glowing silver altar of Zin.
  2669 | D:3      | Noticed an angel
  3025 | D:4      | Reached skill level 4 in Maces & Flails
  3124 | D:4      | Found Juell's Armour Shoppe.
  3586 | D:4      | Reached XP level 6. HP: 38/38 MP: 6/6
  3673 | D:5      | Entered Level 5 of the Dungeon
  3680 | D:5      | Reached skill level 1 in Dodging
  3890 | D:5      | Found a staircase to the Ecumenical Temple.
  3890 | D:5      | Noticed Ijyb
  3910 | Temple   | Entered the Ecumenical Temple
  4007 | Temple   | Reached skill level 5 in Maces & Flails
  4007 | Temple   | Reached XP level 7. HP: 25/44 MP: 3/7
  4372 | Temple   | Killed Ijyb
  4415 | D:5      | Reached skill level 5 in Armour
  4676 | D:5      | Noticed Prince Ribbit
  4725 | D:6      | Reached skill level 5 in Fighting
  4725 | D:6      | Reached skill level 6 in Maces & Flails
  4744 | D:5      | HP: 2/44 [Prince Ribbit (1)]
  4745 | D:5      | Slain by Prince Ribbit

Illustrated notes

Levels and vault maps discovered:
D:1:      lightli_arrival_noodles, layout_basic
D:2:      layout_basic, basic_altar, minmay_hedge_maze
D:3:      layout_basic, nicolae_overflow_ecumenical_swirl,
          grunt_temple_overflow_order_and_chaos_2, serial_shops, shop,
          nicolae_shop_tiny_waterfront, nicolae_shop_just_a_little_nook, shop,
          shop, uniq_jessica
D:4:      layout_loops_corners, serial_shops, nicolae_shop_rolling_square
D:5:      layout_rooms, minmay_temple_entry_waves, st_stairs_13,
          uniq_prince_ribbit1, uniq_ijyb
D:6:      layout_basic, nicolae_vehumet_altar_sigil
Temple:   eino_wide_crystal_templ

Skill      XL: |  1  2  3  4  5  6  7 |
---------------+----------------------+-----
Maces & Flails | 3 4 5 6 |  6.1
Fighting       | 4 5 |  5.0
Armour         | 4 5 |  5.2
Dodging        | 1 |  1.3
Shields        | 4 |  4.2
Stealth        | |  0.4

Action                     |  1- 3 |  4- 6 |  7- 9 || total
---------------------------+-------+-------+-------++-------
  Melee: Flail             |   140 |   187 |   142 ||   469
 Armour: Scale mail        |   114 |       |       ||   114
         Chain mail        |     8 |   184 |   181 ||   373
  Dodge: Dodged            |    78 |    86 |   117 ||   281
  Block: Buckler           |    34 |    40 |    42 ||   116
